 Dungeon Crawl Stone Soup version 0.30-a0-916-g98134172ad (webtiles) character file.

Game seed: 13826671595970952095

63 112233 the Caller (level 3, 0/24 HPs)
             Began as a Demonspawn Summoner on Mar 20, 2023.
             Slain by a gnoll
             ... wielding a +0 spear
              (2 damage)
             ... on level 2 of the Dungeon.
             The game lasted 00:03:10 (1743 turns).

112233 the Caller (Demonspawn Summoner)             Turns: 1743, Time: 00:03:11

Health: 0/24       AC:  8    Str:  8    XL:     3   Next: 87%
Magic:  1/7        EV: 12    Int: 18    God:
Gold:   155        SH:  0    Dex: 13    Spells: 4/7 levels left

rFire   + . .      SeeInvis .    a - +1 short sword (vamp)
rCold   + + .      Faith    .    (no shield)
rNeg    . . .      Spirit   .    j - +0 robe
rPois   +          Reflect  .    (no helmet)
rElec   +          Rampage  .    (no cloak)
rCorr   +                        (no gloves)
Will    .....                    (no boots)
Stlth   ++                       (no amulet)
HPRegen 0.24/turn                g - ring of protection from cold
MPRegen 0.10/turn                (no ring)

@: brilliant, resistant, sanguine armoured, flying
A: sanguine armour 1, weakness stinger 1
a: no special abilities


You were on level 2 of the Dungeon.
You visited 1 branch of the dungeon, and saw 2 of its levels.

You collected 155 gold pieces.

Inventory:

Hand Weapons
 a - a +1 vampiric short sword (weapon)
 b - a +0 heavy sling
 e - a +0 dagger
Armour
 j - a +0 robe (worn)
Jewellery
 g - a ring of protection from cold (left hand)
Potions
 f - 2 potions of magic


   Skills:
 - Level 2.2 Dodging
 - Level 2.3 Stealth
 + Level 2.7 Spellcasting
 + Level 4.5 Summonings


You had 4 spell levels left.
You knew the following spells:

 Your Spells              Type           Power      Damage    Failure   Level
a - Summon Small Mammal   Summ           100%       N/A       2%          1
b - Call Imp              Summ           28%        N/A       4%          2

Your spell library contained the following spells:

 Spells                   Type           Power      Damage    Failure   Level
 Call Canine Familiar     Summ           28%        N/A       8%          3
 Summon Guardian Golem    Hex/Summ       16%        N/A       21%         3
 Summon Lightning Spire   Summ/Air       16%        N/A       54%         4


Dungeon Overview and Level Annotations

Branches:
Dungeon (2/15)

Altars:

Shops:
D:1 !


Innate Abilities, Weirdness & Mutations

When seriously injured, your blood forms armour. (AC +6)
You have a small tail.


Message History

You feel better. The gnoll barely misses you.
The gnoll completely misses your crimson imp.
The gnoll hits you but does no damage.
Your quokka bites the adder.
The adder barely misses you.
Your crimson imp barely misses the adder.
Unknown command.
Unknown command.
Casting: Summon Small Mammal (safe; 2% risk of failure)
Confirm with . or Enter, or press ? or * to list all spells.
Your quokka barely misses the adder.
The gnoll barely misses you.
The gnoll hits you from afar with a +0 spear.
The gnoll hits your crimson imp with a +0 club!
The adder misses you.
Your crimson imp hits the adder.
The adder dies!
Your bat hits the gnoll. The gnoll misses you. The gnoll closely misses you.
Your crimson imp blinks!
Your quokka closely misses the gnoll.
Unknown command.
Unknown command.
You aren't carrying any items that you can evoke.
Unknown command.
It was a potion of brilliance.
You feel clever all of a sudden.
Your bat hits the gnoll but does no damage.
The gnoll barely misses you. The gnoll hits you but does no damage.
Your quokka barely misses the gnoll.
Unknown command.
The gnoll hits you from afar with a +0 spear!
The gnoll barely misses you.
Your quokka barely misses the gnoll.
Your bat barely misses the gnoll.
Unknown command.
Unknown command.
You barely miss the gnoll.
You tail-slap the gnoll, but do no damage.
The gnoll is moderately wounded.
Your bat barely misses the gnoll.
The gnoll barely misses you. The gnoll hits you with a +0 club.
* * * LOW HITPOINT WARNING * * *
The gnoll hits you from afar with a +0 spear.
You die...

#.. ..#
#.# #.#
#.# #.#
## #.#
###### .#
#.#
#.@g.#
.####)###
#...r#
.'.†....#
##.bgg#
.####.#.#
#..§§§+
.# #.#.#
#5§§.§#
.# #.#.#
#.§§§§#
.# #.#.#
#.§§§.#
.# #.#.#
#.....#
.# #.#5#
#S..g.#


You could see 3 gnolls, a friendly crimson imp (summoned), a friendly quokka
(summoned) and a friendly bat (summoned).

Vanquished Creatures
  2 ball pythons (D:1)
  2 giant cockroaches (D:2)
  A goblin (D:2)
  A hobgoblin (D:1)
  A jackal (D:2)
  3 kobolds
  A quokka (D:1)
  A bat (D:1)
  A frilled lizard (D:1)
  2 rats
15 creatures vanquished.

Vanquished Creatures (collateral kills)
  An adder (D:2)
  A gnoll (D:2)
  A dart slug (D:1)
  2 bats
  3 endoplasms
  A giant cockroach (D:1)
  2 hobgoblins (D:2)
  2 jackals (D:2)
  3 quokkas
  A ball python (D:1)
  2 frilled lizards
  A kobold (D:2)
  4 rats
24 creatures vanquished.

Grand Total: 39 creatures vanquished

Notes
Turn   | Place    | Note
-------+----------+-------------------------------------------
     0 | D:1      | 112233 the Demonspawn Summoner began the quest for the Orb.
     0 | D:1      | Reached XP level 1. HP: 13/13 MP: 3/3
   365 | D:1      | Gained mutation: You have a small tail. [demonic ancestry]
   365 | D:1      | Reached XP level 2. HP: 19/19 MP: 3/5
   635 | D:1      | Learned a level 2 spell: Call Imp
   792 | D:1      | Found Vufoem's Distillery.
   949 | D:2      | Gained mutation: When seriously injured, your blood forms
                  | armour. (AC +6) [demonic ancestry]
   949 | D:2      | Reached XP level 3. HP: 24/24 MP: 0/6
  1743 | D:2      | Slain by a gnoll

Illustrated notes

Levels and vault maps discovered:
D:1:      dpeg_arrival_circle_labyrinth_c, layout_basic, serial_shops,
          nicolae_lakefront_shop, minmay_ruptured
D:2:      layout_basic

Skill      XL: |  1 |
---------------+----+-----
Stealth        | 2 |  2.3
Dodging        | 2 |  2.2
Spellcasting   | |  2.7
Summonings     | |  4.5

Action                     || total
---------------------------++-------
  Melee: Short sword       ||    36
         Tailslap          ||     5
   Fire: Sling             ||    14
   Cast: Summon Small Mamm ||    32
         Call Imp          ||    11
    Use: Scroll            ||     5
         Potion            ||     5
   Stab: Sleeping          ||     1
 Armour: Robe              ||    19
  Dodge: Dodged            ||    62

Table legend: (Time is in decaauts)
 A = Elapsed time spent in this place.
 B = Non-inter-level travel time spent in this place.
 C = Inter-level travel time spent in this place.
 D = Time resting spent in this place.
 E = Time spent auto-exploring this place.
 F = Levels seen in this place.
 G = Mean time per level.
                   A        B        C        D        E       F      G
               +--------+--------+--------+--------+--------+-----+--------+
         Total |   1743 |   1682 |     61 |    272 |   1061 |   2 |  871.5 |
       Dungeon |   1743 |   1682 |     61 |    272 |   1061 |   2 |  871.5 |
               +--------+--------+--------+--------+--------+-----+--------+

Top non-repeatable levels by time:
     D:2: 917 daAuts
     D:1: 825 daAuts
